 Dungeon Crawl Stone Soup version 0.20.0-15-g7f486f2 (webtiles) character file.

282 torrenera the Grave Robber (level 6, -4/49 HPs)
             Began as a Deep Dwarf Necromancer on June 26, 2017.
             Slain by a centaur (8 damage)
             ... on level 5 of the Dungeon.
             The game lasted 00:14:58 (3983 turns).

torrenera the Grave Robber (Deep Dwarf Necromancer) Turns: 3983, Time: 00:14:58

Health: -4/49      AC:  3    Str: 13    XL:     6   Next: 6%
Magic:  5/9        EV: 12    Int: 16    God:
Gold:   193        SH:  0    Dex: 13    Spells: 2/10 levels left

rFire    . . .     SeeInvis .   v - +0 hunting sling
rCold    . . .     Gourm    .   (no shield)
rNeg     . . .     Faith    .   h - +0 leather armour
rPois    .         Spirit   .   (no helmet)
rElec    .         Reflect  .   (no cloak)
rCorr    .         Harm     .   (no gloves)
MR       .....                  (no boots)
Stlth    ++........             (no amulet)
Regen    0.0/turn               (no ring)
MPRegen  0.2/turn               (no ring)

@: non-regenerating
A: damage resistance, heal wounds, sense surroundings 1, no regeneration
a: Heal Wounds


You were on level 5 of the Dungeon.
You were not hungry.

You visited 1 branch of the dungeon, and saw 5 of its levels.

You collected 193 gold pieces.

Inventory:

Hand Weapons
 u - a +0 war axe
 v - a +0 hunting sling (weapon)
Missiles
 j - a poisoned needle
 q - 10 stones
 r - 11 sling bullets (quivered)
 s - 3 curare-tipped needles
Armour
 h - a +0 leather armour (worn)
 i - a +1 ring mail of fire resistance
 t - a cursed +0 ring mail
Wands
 m - a wand of confusion (36/48)
Scrolls
 a - a scroll of remove curse
 e - 5 scrolls of identify {unknown}
 l - a scroll of enchant armour {unknown}
 p - a scroll of fog {unknown}
Potions
 g - 2 potions of degeneration {unknown}
 k - a potion of heal wounds {unknown}
 x - a potion of curing {unknown}
Books
 b - a book of Necromancy

   Spells                             Type                      Level
   a - Pain                           Necromancy                   1
   b - Animate Skeleton               Necromancy                   1
   c - Vampiric Draining              Necromancy                   3
   d - Regeneration                   Charms/Necromancy            3
   e - Animate Dead                   Necromancy                   4
   f - Control Undead                 Necromancy                   4
 o - a book of Conjurations

   Spells                             Type                      Level
   a - Magic Dart                     Conjuration                  1
   b - Searing Ray                    Conjuration                  2
   c - Dazzling Spray                 Conjuration/Hexes            3
   d - Fulminant Prism                Conjuration/Hexes            4
   e - Force Lance                    Conjuration/Translocation    4
   f - Iskenderun's Mystic Blast      Conjuration                  4
 y - a book of Cantrips

   Spells                             Type                      Level
   a - Confusing Touch                Hexes                        1
   b - Animate Skeleton               Necromancy                   1
   c - Summon Small Mammal            Summoning                    1
   d - Apportation                    Translocation                1
Comestibles
 c - 2 bread rations
 d - 3 meat rations
 f - 3 chunks of flesh
 n - a royal jelly
 A - a fruit


   Skills:
 - Level 2.1 Dodging
 - Level 2.4 Stealth
 * Level 2.5 Spellcasting
 + Level 7.7 Necromancy


You had 2 spell levels left.
You knew the following spells:

 Your Spells              Type           Power        Failure   Level  Hunger
a - Pain                  Necr           ####         1%          1    #......
b - Vampiric Draining     Necr           ####......   3%          3    ###....
c - Animate Dead          Necr           N/A          11%         4    #####..


Dungeon Overview and Level Annotations

Branches:
Dungeon (5/15)
 Temple: D:4-7

Altars:
Fedhas
Nemelex Xobeh


Innate Abilities, Weirdness & Mutations

You are resistant to damage.
You can heal yourself by infusing magical energy.
You passively map a small area around you.
You do not regenerate.


Message History

Memorise Animate Dead, consuming 4 spell levels and leaving 2?
You start memorising the spell.
You continue memorising. x4
You finish memorising.
Spell assigned to 'c'.
Found a bubbling brown potion.
The centaur shouts!
The centaur shoots an arrow.
The arrow closely misses you.
You see here an arrow.
The centaur shoots an arrow.
The arrow barely misses you.
Found a stone staircase leading down.
The centaur shoots an arrow.
The arrow barely misses you.
The centaur shoots an arrow.
The arrow hits you.
* * * LOW HITPOINT WARNING * * *
The centaur unwields an uncursed shortbow.
The centaur barely misses you.
Cast which spell? (? or * to list)
You call on the dead to rise...
Nothing appears to happen.
The centaur hits you!
* * * LOW HITPOINT WARNING * * *
The centaur hits you!
You die...

..#............ ,
..#............ , ,
..#.....#...... * * ,
,** ..##....##..... ,
** ...'.....###... , ,
,, , ...#.......###. ,
...#.........#####
##.#.......((....######
*
##.##########...@c....#
,+..........#.....!...#
#..........#.........#
#..........'.........#
,#..........#.........#
#..........#.........#
,#.......<..#.........#
########.#.....>.....#
.# #


You could see a centaur.

Vanquished Creatures
  An ogre (D:4)
  A crimson imp (D:5)
  An iguana (D:4)
  5 adders
  A worm (D:4)
  An adder skeleton (D:4)
  2 dart slugs (D:2)
  2 leopard geckos (D:2)
  13 orcs
  7 bats
  4 giant cockroaches
  11 goblins
  2 hobgoblins (D:1)
  5 frilled lizards
  3 kobolds
  6 rats
65 creatures vanquished.

Notes
Turn   | Place    | Note
-------+----------+-------------------------------------------
     0 | D:1      | torrenera the Deep Dwarf Necromancer began the quest for the Orb.
     0 | D:1      | Reached XP level 1. HP: 15/15 MP: 3/3
   645 | D:1      | Reached XP level 2. HP: 22/22 MP: 0/4
  1025 | D:1      | Reached skill level 5 in Necromancy
  1506 | D:2      | Found a blossoming altar of Fedhas.
  1771 | D:2      | Reached XP level 3. HP: 25/28 MP: 2/5
  1776 | D:2      | Learned a level 3 spell: Vampiric Draining
  2612 | D:3      | Reached skill level 6 in Necromancy
  2617 | D:3      | Reached XP level 4. HP: 34/36 MP: 2/6
  2658 | D:3      | Found a sparkling altar of Nemelex Xobeh.
  3017 | D:3      | You fall through a shaft!
  3023 | D:5      | Entered Level 5 of the Dungeon
  3305 | D:4      | Noticed Eustachio
  3457 | D:4      | Noticed an ogre
  3471 | D:4      | Killed an ogre
  3471 | D:4      | Reached skill level 7 in Necromancy
  3471 | D:4      | Reached XP level 5. HP: 5/42 MP: 0/8
  3794 | D:3      | You fall through a shaft!
  3829 | D:5      | Noticed a centaur
  3903 | D:5      | Reached XP level 6. HP: 14/49 MP: 4/9
  3971 | D:5      | Learned a level 4 spell: Animate Dead
  3983 | D:5      | Slain by a centaur

Skill      XL: |  1  2  3  4 |
---------------+-------------+-----
Necromancy     | 5 6 7 |  7.7
Spellcasting   | 2 |  2.5
Dodging        | |  2.1
Stealth        | |  2.4

Action                   |  1- 3 |  4- 6 || total
-------------------------+-------+-------++-------
Melee: Spear             |    15 |     3 ||    18
       Hand axe          |       |    17 ||    17
       War axe           |       |    13 ||    13
 Fire: Hunting sling     |    30 |    61 ||    91
 Cast: Pain              |    38 |    22 ||    60
       Vampiric Draining |     7 |    12 ||    19
       Animate Dead      |       |     1 ||     1
 Abil: Heal Wounds       |       |     1 ||     1
  Use: Scroll            |       |     5 ||     5
 Stab: Sleeping          |     1 |       ||     1
  Eat: Chunk             |     7 |     6 ||    13
Armor: Leather armour    |     4 |    14 ||    18
Dodge: Dodged            |    20 |    74 ||    94
